[Event "2026 European Womens Championship"]
[Site "Batumi, GE"]
[Date "2026.05.26"]
[Round "2"]
[White "Olde, Margareth"]
[Black "Giorgadze, Mariam Ere"]
[Result "1-0"]
[Board "61"]
[TimeControl "5400+30"]
[WhiteFideId "4503082"]
[BlackFideId "13636839"]
[WhiteElo "2194"]
[BlackElo "1909"]
[WhiteTitle "WIM"]
[WhiteClock "0:13:25"]
[BlackClock "0:03:18"]
[Variant "Standard"]

1. d4 Nf6 2. c4 g6 3. Nc3 Bg7 4. e4 d6 5. h3 O-O 6. Be3 e5 7. d5 Nh5 8. Be2 Nf4 9. Bf3 g5 10. g3 Ng6 11. Bg4 h6 12. Bf5 Nd7 13. Nge2 Nf6 14. Qd2 Ne7 15. Bxc8 Qxc8 16. h4 Qg4 17. hxg5 Nxe4 18. Nxe4 Qxe4 19. Rh4 Qf3 20. gxh6 Bf6 21. Bg5 Kh7 22. Bxf6 Qxf6 23. Qc2+ Ng6 24. Nc3 Qg5 25. Ne4 Qe7 26. Rh5 c6 27. dxc6 bxc6 28. O-O-O Rad8 29. Kb1 d5 30. Ng5+ Kh8 31. cxd5 cxd5 32. Qf5 Rd6 33. f3 Rf6 34. Qd3 d4 35. f4 Rb8 36. Rh2 Rfb6 37. Nf3 e4 38. Qxd4+ f6 39. Ng1 Rb4 40. Qc3 Kh7 41. Rhd2 R4b7 42. Ne2 e3 43. Rc2 Qe4 44. Qd3 Qa4 45. Nc3 Qa3 46. Qe2 Ne7 47. Ka1 Rxb2 48. Rxb2 Qxc3 49. Qd3+ Qxd3 50. Rxd3 Rxb2 51. Kxb2 Kxh6 52. Rxe3 Nf5 53. Re6 Kg6 54. g4 Nd4 55. Ra6 Ne2 56. Ra4 1-0

[Event "2026 European Womens Championship"]
[Site "Batumi, GE"]
[Date "2026.05.26"]
[Round "2"]
[White "Damaso Tacoronte, Carolina"]
[Black "Chernyak, Viktoria"]
[Result "0-1"]
[Board "62"]
[TimeControl "5400+30"]
[WhiteFideId "2292858"]
[BlackFideId "24165956"]
[WhiteElo "1890"]
[BlackElo "2191"]
[BlackTitle "WGM"]
[WhiteClock "0:00:48"]
[BlackClock "0:16:59"]
[Variant "Standard"]

1. d4 Nf6 2. Nf3 e6 3. e3 c5 4. Bd3 Nc6 5. O-O d5 6. b3 b6 7. Bb2 Bb7 8. a3 Qc7 9. Nbd2 Bd6 10. dxc5 bxc5 11. c4 d4 12. exd4 Nxd4 13. h3 e5 14. Nxd4 exd4 15. Re1+ Kf8 16. Ne4 Bxe4 17. Bxe4 Rd8 18. Bd3 h5 19. Bc1 Qb6 20. Bg5 Bc7 21. Qf3 Qd6 22. g3 h4 23. Bxf6 Qxf6 24. Qxf6 gxf6 25. g4 a5 26. Rab1 Rb8 27. Kg2 Bd6 28. Be4 Kg7 29. Bc6 Rhd8 30. Bb5 Kg6 31. Bc6 Be5 32. Be4+ Kg5 33. Bd3 Rd7 34. Be4 Bf4 35. Red1 Re7 36. f3 Be3 37. a4 Rb6 38. Kf1 Re8 39. Kg2 Reb8 40. Bc2 Kf4 41. Rd3 Re6 42. Rdd1 Rd8 43. Bd3 Re5 44. Rb2 Rde8 45. Re2 Rb8 46. Rb2 Kg5 47. Rbb1 Bf4 48. Be4 Bg3 49. Rd2 Kf4 50. Rd3 f5 51. gxf5 Rg8 52. Kh1 Bf2 53. Rf1 Be3 54. Kh2 Rg3 55. Rdd1 Re8 56. Rde1 Reg8 57. Bd5 Rg2+ 58. Kh1 Kg3 59. Rxe3 Rh2+ 60. Kg1 Kxh3# 0-1

[Event "2026 European Womens Championship"]
[Site "Batumi, GE"]
[Date "2026.05.26"]
[Round "2"]
[White "Peycheva, Gergana"]
[Black "Kalandadze, Mariam"]
[Result "1-0"]
[Board "63"]
[TimeControl "5400+30"]
[WhiteFideId "2916711"]
[BlackFideId "13621122"]
[WhiteElo "2186"]
[BlackElo "1892"]
[WhiteTitle "FM"]
[WhiteClock "0:13:42"]
[BlackClock "0:23:32"]
[Variant "Standard"]

1. d4 Nf6 2. c4 g6 3. Nc3 Bg7 4. e4 d6 5. h3 O-O 6. Be3 e5 7. d5 a5 8. g4 Na6 9. f3 Nd7 10. h4 Bf6 11. g5 Be7 12. Qd2 f5 13. exf5 gxf5 14. f4 Ndc5 15. Nge2 e4 16. Nd4 Nb4 17. O-O-O Nbd3+ 18. Kb1 a4 19. a3 Bd7 20. h5 c6 21. h6 Ra6 22. Bxd3 Nxd3 23. Rdg1 Qa5 24. g6 Rb6 25. gxh7+ Kf7 26. Ndb5 cxb5 27. Rg7+ Ke8 28. Rg8 Bf6 29. Nxe4 1-0

[Event "2026 European Womens Championship"]
[Site "Batumi, GE"]
[Date "2026.05.26"]
[Round "2"]
[White "Odisharia, Teona"]
[Black "Recica, Jona"]
[Result "1-0"]
[Board "64"]
[TimeControl "5400+30"]
[WhiteFideId "13602322"]
[BlackFideId "22105239"]
[WhiteElo "2167"]
[BlackElo "1842"]
[WhiteTitle "WFM"]
[WhiteClock "0:45:15"]
[BlackClock "0:10:20"]
[Variant "Standard"]

1. e4 e5 2. Nf3 Nc6 3. d4 exd4 4. Nxd4 Qf6 5. Nb5 Bc5 6. Qe2 Qd8 7. Bf4 Bb6 8. N1c3 a6 9. Na3 Nge7 10. O-O-O O-O 11. Nc4 Ba7 12. Ne3 d6 13. h4 Nd4 14. Qd2 b5 15. Ncd5 Be6 16. c3 Bxd5 17. exd5 Ndf5 18. h5 Nxe3 19. fxe3 Re8 20. Rh3 Qd7 21. e4 a5 22. Kb1 Reb8 23. Bd3 b4 24. c4 b3 25. a3 Bc5 26. h6 Ng6 27. Qc3 f6 28. Rf1 Ne5 29. hxg7 Kxg7 30. Bh6+ Kh8 31. Rxf6 Rg8 32. Bf1 a4 33. Rf5 Rg6 34. Bf4 Re8 35. Bxe5+ dxe5 36. Rxe5 Rxe5 37. Qxe5+ Kg8 38. Rf3 Bd6 39. Qc3 Qe7 40. e5 Qxe5 41. Qxe5 Bxe5 42. c5 Rg4 43. Rf5 Rd4 44. Be2 Rxd5 45. Bc4 1-0

[Event "2026 European Womens Championship"]
[Site "Batumi, GE"]
[Date "2026.05.26"]
[Round "2"]
[White "Abdinova, Narmin"]
[Black "Kalyoncu, Beren"]
[Result "1-0"]
[Board "65"]
[TimeControl "5400+30"]
[WhiteFideId "13425340"]
[BlackFideId "51608383"]
[WhiteElo "2165"]
[BlackElo "1840"]
[WhiteTitle "WIM"]
[BlackTitle "WCM"]
[WhiteClock "0:04:51"]
[BlackClock "0:00:47"]
[Variant "Standard"]

1. d4 d5 2. c4 c6 3. Nf3 Nf6 4. Qc2 g6 5. cxd5 cxd5 6. Nc3 Nc6 7. Bf4 a6 8. e3 Bg7 9. h3 O-O 10. Be2 Bf5 11. Qb3 b5 12. Ne5 Rc8 13. a4 b4 14. Nxc6 Rxc6 15. Qxb4 Ne4 16. O-O Qd7 17. Nxe4 Bxe4 18. Rfc1 Rfc8 19. Rxc6 Rxc6 20. Kh2 Bf8 21. Qe1 Qc8 22. b4 Rc2 23. b5 a5 24. Kg1 e5 25. Bxe5 Bb4 26. Qf1 f6 27. Bg3 Qc3 28. b6 Qc6 29. Bc7 Bd2 30. Bf3 Bxf3 31. gxf3 Rc4 32. Rb1 Bb4 33. e4 dxe4 34. d5 Qxd5 35. b7 1-0

[Event "2026 European Womens Championship"]
[Site "Batumi, GE"]
[Date "2026.05.26"]
[Round "2"]
[White "Rekhviashvili, Mariam"]
[Black "Berke, Ana"]
[Result "0-1"]
[Board "66"]
[TimeControl "5400+30"]
[WhiteFideId "13635859"]
[BlackFideId "14510359"]
[WhiteElo "1836"]
[BlackElo "2164"]
[BlackTitle "WIM"]
[WhiteClock "0:25:22"]
[BlackClock "0:56:56"]
[Variant "Standard"]

1. e4 e5 2. Nf3 Nc6 3. Bb5 a6 4. Bxc6 dxc6 5. O-O Bd6 6. d4 exd4 7. Qxd4 f6 8. Nc3 Ne7 9. Re1 Ng6 10. Qc4 Qe7 11. Nd4 Bd7 12. Be3 Ne5 13. Qb3 O-O-O 14. Nf5 Bxf5 15. exf5 Qd7 16. Qe6 Qxe6 17. fxe6 Rhe8 18. f4 Ng4 19. Ne4 Rxe6 20. Nxd6+ cxd6 21. Bd2 Rde8 22. Rxe6 Rxe6 23. Re1 Rxe1+ 24. Bxe1 Ne3 25. c3 d5 26. b3 Kd7 27. Kf2 Ng4+ 28. Kg3 f5 29. h3 Nf6 30. Kh4 Ke6 31. g4 Ne4 32. Kh5 c5 33. a4 d4 34. cxd4 cxd4 35. b4 d3 36. a5 d2 37. Bxd2 Nxd2 0-1

[Event "2026 European Womens Championship"]
[Site "Batumi, GE"]
[Date "2026.05.26"]
[Round "2"]
[White "Dwilewicz, Katarzyna"]
[Black "Nahapetyan, Ani"]
[Result "0-1"]
[Board "67"]
[TimeControl "5400+30"]
[WhiteFideId "1148486"]
[BlackFideId "13317776"]
[WhiteElo "2131"]
[BlackElo "1827"]
[WhiteTitle "WIM"]
[WhiteClock "0:01:30"]
[BlackClock "0:06:20"]
[Variant "Standard"]

1. e4 c5 2. Nf3 d6 3. d4 cxd4 4. Nxd4 Nf6 5. Nc3 a6 6. Bc4 e6 7. Bb3 b5 8. O-O Be7 9. Qf3 Qc7 10. Qg3 O-O 11. Bh6 Ne8 12. Rad1 Nc6 13. Nd5 Nxd4 14. Nxe7+ Qxe7 15. Rxd4 e5 16. Rd3 Be6 17. Rfd1 Bxb3 18. axb3 Kh8 19. Bg5 f6 20. Bd2 Rc8 21. Rc3 Nc7 22. Qd3 f5 23. exf5 d5 24. Qh3 d4 25. Rg3 Qf7 26. Bb4 Rfe8 27. Rg5 Nd5 28. Rh5 Nf6 29. Rh4 Rxc2 30. Ba3 e4 31. g4 e3 32. Rf1 exf2+ 33. Rxf2 Rxf2 34. Kxf2 Re3 35. Qf1 Ne4+ 36. Kg2 Nd2 37. Qc1 Qb7+ 38. Kf2 Rf3+ 39. Ke2 Qe4+ 40. Kxd2 Qd3+ 0-1

[Event "2026 European Womens Championship"]
[Site "Batumi, GE"]
[Date "2026.05.26"]
[Round "2"]
[White "Chkhartishvili, Lika"]
[Black "Ptacnikova, Lenka"]
[Result "1/2-1/2"]
[Board "68"]
[TimeControl "5400+30"]
[WhiteFideId "13635166"]
[BlackFideId "305650"]
[WhiteElo "1822"]
[BlackElo "2126"]
[BlackTitle "WGM"]
[WhiteClock "0:06:49"]
[BlackClock "0:09:07"]
[Variant "Standard"]

1. e4 d6 2. d4 Nf6 3. Nc3 g6 4. Bg5 Bg7 5. Qd2 h6 6. Bh4 O-O 7. O-O-O a6 8. f4 b5 9. e5 dxe5 10. dxe5 Qxd2+ 11. Rxd2 b4 12. Nd1 Nh5 13. Bxe7 Re8 14. Bxb4 Nxf4 15. Nf3 Bb7 16. Bc3 Bxf3 17. gxf3 Nc6 18. e6 Rxe6 19. Bxg7 Kxg7 20. Bc4 Re7 21. Nc3 Ne5 22. Bb3 Rae8 23. Rf1 f5 24. Nd5 Nxd5 25. Rxd5 Rf8 26. h3 f4 27. Rd2 Rfe8 28. c3 g5 29. Kc2 Kf6 30. Bd5 Rd7 31. b3 Red8 32. Rfd1 c6 33. Be4 Ke6 34. a4 Rxd2+ 35. Rxd2 Rxd2+ 36. Kxd2 Kd6 37. Ke2 Kc5 38. Bf5 a5 39. Be4 Kb6 40. Kd2 c5 41. Bd5 Kc7 42. Ke2 Kd6 43. Be4 Kc7 44. Bf5 Kb6 45. Be6 Kc7 46. Bf5 1/2-1/2

[Event "2026 European Womens Championship"]
[Site "Batumi, GE"]
[Date "2026.05.26"]
[Round "2"]
[White "Vidic, Teja"]
[Black "Nadanyan, Kiti"]
[Result "0-1"]
[Board "69"]
[TimeControl "5400+30"]
[WhiteFideId "14605511"]
[BlackFideId "13316710"]
[WhiteElo "2123"]
[BlackElo "1801"]
[WhiteTitle "WIM"]
[WhiteClock "0:00:56"]
[BlackClock "0:01:49"]
[Variant "Standard"]

1. e4 c6 2. d4 d5 3. e5 c5 4. c3 Nc6 5. Be2 Bf5 6. Nf3 cxd4 7. Nxd4 Nxd4 8. cxd4 a6 9. Nc3 Qd7 10. O-O e6 11. g4 Bg6 12. f4 f5 13. Bd3 Ne7 14. Be3 h5 15. g5 b5 16. Rc1 Kf7 17. Rf2 Nc8 18. a4 b4 19. Na2 Be7 20. a5 Na7 21. Qb3 Nc6 22. Qd1 Nxa5 23. b3 Rhc8 24. Rfc2 Qb7 25. h4 Rxc2 26. Qxc2 Kg8 27. Qd1 Be8 28. Ra1 g6 29. Nc1 Nc6 30. Qf1 Nb8 31. Be2 a5 32. Nd3 Nd7 33. Ra2 Qc7 34. Qa1 Qc3 35. Qb1 Rc8 36. Rxa5 Qc2 37. Qxc2 Rxc2 38. Kf2 Rc3 39. Nc1 Kf7 40. Bd2 Rc2 41. Ra2 Rc7 42. Ra5 Nb8 43. Bb5 Bxb5 44. Rxb5 Rc2 45. Ke2 Nc6 46. Kd3 Rb2 47. Be1 Rh2 48. Bg3 Rg2 49. Be1 Rg1 50. Bd2 Rg3+ 51. Be3 Rh3 52. Rb7 Rxh4 53. Rc7 Nd8 54. Bd2 Ke8 55. Kc2 Rh2 56. Nd3 h4 57. Kd1 h3 58. Nxb4 Rh1+ 59. Ke2 h2 60. Nd3 Rf1 61. Kxf1 h1=Q+ 62. Ke2 Qh5+ 63. Ke3 Qh3+ 64. Ke2 Qg4+ 65. Ke3 Bxg5 66. Rh7 Qg1+ 67. Ke2 Qg4+ 68. Ke3 Nf7 69. b4 Qg2 70. fxg5 Qe4+ 71. Kf2 Qxd3 0-1

[Event "2026 European Womens Championship"]
[Site "Batumi, GE"]
[Date "2026.05.26"]
[Round "2"]
[White "Ivekovic, Tihana"]
[Black "Saltkhutsishvili, Sara"]
[Result "1-0"]
[Board "70"]
[TimeControl "5400+30"]
[WhiteFideId "14517825"]
[BlackFideId "13636995"]
[WhiteElo "2119"]
[BlackElo "1763"]
[WhiteTitle "WFM"]
[WhiteClock "0:26:22"]
[BlackClock "0:01:31"]
[Variant "Standard"]

1. e4 c5 2. Nf3 Nc6 3. c3 Nf6 4. e5 Nd5 5. Bc4 Nb6 6. Bb3 c4 7. Bc2 Qc7 8. Qe2 g5 9. Na3 g4 10. Nb5 Qb8 11. Ng5 Nxe5 12. h3 a6 13. Nd4 Nd5 14. Kf1 b6 15. hxg4 Bb7 16. Ngf3 Nxg4 17. Qxc4 Nf4 18. Ne2 Nxe2 19. Qxe2 Bg7 20. d4 h6 21. Nh4 Nf6 22. Nf5 Bf8 23. Rh4 Qa7 24. Nd6+ Kd8 25. Nxf7+ Kc8 26. Nxh8 e6 27. Bf4 Be7 28. Ng6 Bd8 29. Rxh6 Nd5 30. Bg3 a5 31. Bd3 a4 32. a3 Nc7 33. Rh8 1-0

[Event "2026 European Womens Championship"]
[Site "Batumi, GE"]
[Date "2026.05.26"]
[Round "2"]
[White "Gharibyan, Mane"]
[Black "Liavonava, Yuliya"]
[Result "0-1"]
[Board "71"]
[TimeControl "5400+30"]
[WhiteFideId "13306430"]
[BlackFideId "13524178"]
[WhiteElo "1776"]
[BlackElo "2118"]
[BlackTitle "WFM"]
[WhiteClock "1:06:52"]
[BlackClock "0:25:52"]
[Variant "Standard"]

1. e4 c5 2. Nf3 d6 3. Bb5+ Nd7 4. O-O a6 5. Bxd7+ Bxd7 6. c3 Nf6 7. Re1 e6 8. d4 Be7 9. e5 Nd5 10. exd6 Bxd6 11. dxc5 Be7 12. c4 Nf6 13. Qd4 O-O 14. Bf4 Bc6 15. Nbd2 Qxd4 16. Nxd4 Bxc5 17. Nxc6 bxc6 18. Nb3 Ba7 19. Na5 Rac8 20. Rad1 Ng4 21. Bg3 h5 22. h3 Nh6 23. Rd7 Bb6 24. Nb7 c5 25. Rd6 Bc7 26. Rxa6 Bxg3 27. fxg3 Rb8 28. Rb6 Nf5 29. Rb5 Nd4 30. Rb6 Rfc8 31. Nd6 Rxb6 32. Nxc8 Rxb2 33. a3 f6 34. Nd6 e5 35. Ne4 Rc2 36. Nxc5 Rxc4 37. Ne4 Ra4 38. Ra1 Ne2+ 39. Kf2 Rxe4 40. Kf3 Nc3 41. Rc1 Rc4 42. a4 g5 43. a5 g4+ 44. Ke3 Nd5+ 45. Kd2 Rxc1 46. Kxc1 Nc7 47. Kd2 Kf7 48. Kd3 Ke6 0-1

[Event "2026 European Womens Championship"]
[Site "Batumi, GE"]
[Date "2026.05.26"]
[Round "2"]
[White "Donghvani, Nia"]
[Black "Saraci, Rinesa"]
[Result "1-0"]
[Board "72"]
[TimeControl "5400+30"]
[WhiteFideId "13614649"]
[BlackFideId "4701976"]
[WhiteElo "2117"]
[BlackElo "1754"]
[WhiteTitle "WFM"]
[BlackTitle "WCM"]
[WhiteClock "0:00:54"]
[BlackClock "0:00:47"]
[Variant "Standard"]

1. e4 e5 2. Nf3 Nc6 3. Bb5 a6 4. Ba4 Nf6 5. O-O b5 6. Bb3 Bc5 7. c3 d6 8. a4 Bd7 9. d4 Ba7 10. Bc2 h6 11. Na3 exd4 12. Nxd4 Nxd4 13. cxd4 O-O 14. b4 Re8 15. Re1 c6 16. Bb2 Qb6 17. a5 Qb7 18. Qf3 Re7 19. h3 Rae8 20. Bc3 Nh7 21. Qg3 d5 22. e5 Ng5 23. f4 Ne6 24. Qd3 g6 25. f5 Nf4 26. Qf3 Rxe5 27. Qxf4 g5 28. Qg3 Qc7 29. Rxe5 Rxe5 30. Kh1 1-0

[Event "2026 European Womens Championship"]
[Site "Batumi, GE"]
[Date "2026.05.26"]
[Round "2"]
[White "Kalayci, Nino"]
[Black "Ivanytska, Liudmyla"]
[Result "0-1"]
[Board "73"]
[TimeControl "5400+30"]
[WhiteFideId "13603221"]
[BlackFideId "14176211"]
[WhiteElo "1755"]
[BlackElo "2112"]
[WhiteTitle "WCM"]
[WhiteClock "0:01:03"]
[BlackClock "0:32:43"]
[Variant "Standard"]

1. d4 Nf6 2. c4 e6 3. Nf3 b6 4. a3 Bb7 5. Nc3 d5 6. cxd5 Nxd5 7. Qa4+ Nd7 8. Nxd5 Bxd5 9. Bg5 f6 10. Bf4 Bd6 11. Bxd6 cxd6 12. Nd2 f5 13. e3 O-O 14. Bc4 Nf6 15. O-O Kh8 16. Bxd5 Nxd5 17. Rac1 Rf6 18. Qc6 Qf8 19. e4 Nf4 20. Kh1 e5 21. dxe5 dxe5 22. Qb7 Nd3 23. Rc2 Nc5 24. Qd5 Rd8 25. Qxe5 fxe4 26. Kg1 Re8 27. Qg3 a5 28. b4 Rg6 29. Qe3 axb4 30. axb4 Nd3 31. Nxe4 Nxb4 32. Rc4 Nd5 33. Qd4 b5 34. Rc2 Qf5 35. f3 Nf4 36. Rd2 Rf8 37. Ng3 Qg5 38. Qb4 Rb8 39. Re1 h6 40. Ne4 Qh4 41. Rf1 Qh5 42. Ng3 Qe5 43. Qd4 Qc7 44. Qd7 Qc5+ 45. Qd4 Qf8 46. Kh1 b4 47. Rb1 b3 48. Qc4 Rgb6 49. Ne2 Qf5 50. Rdb2 Nd3 51. Rxb3 Ne5 52. Qd5 Qxb1+ 53. Rxb1 Rxb1+ 54. Ng1 Re1 55. h4 Rbb1 56. Kh2 Ng6 57. Nh3 Rbd1 58. Qa8+ Kh7 59. h5 Ne7 60. Nf4 Nf5 61. g4 Rd2+ 62. Ng2 Nh4 63. Kg3 Rxg2+ 64. Kf4 Rf2 65. g5 Rxf3+ 66. Kg4 Rg1+ 67. Kxh4 hxg5# 0-1

[Event "2026 European Womens Championship"]
[Site "Batumi, GE"]
[Date "2026.05.26"]
[Round "2"]
[White "Lomaia, Diana"]
[Black "Danielyan, Lilia"]
[Result "1-0"]
[Board "74"]
[TimeControl "5400+30"]
[WhiteFideId "13612476"]
[BlackFideId "13319841"]
[WhiteElo "2110"]
[BlackElo "1728"]
[WhiteTitle "WFM"]
[WhiteClock "0:43:05"]
[BlackClock "0:20:59"]
[Variant "Standard"]

1. d4 Nf6 2. c4 e6 3. Nc3 Bb4 4. Nf3 O-O 5. e3 d5 6. Qc2 Re8 7. Bd3 Nbd7 8. O-O c6 9. a3 Bd6 10. e4 dxe4 11. Nxe4 Nxe4 12. Bxe4 h6 13. b4 f5 14. Bd3 g5 15. d5 Ne5 16. Bb2 Nxd3 17. Qxd3 cxd5 18. Qd4 e5 19. Qxd5+ Be6 20. Qxb7 Re7 21. Qa6 Bc8 22. Qa4 g4 23. Nh4 Rg7 24. Rad1 Bd7 25. Qa6 Bc7 26. Nxf5 Bxf5 27. Rxd8+ Rxd8 28. Qxh6 Bd3 29. Qe6+ Kf8 30. Qf6+ Rf7 31. Qh6+ Kg8 32. Rd1 Rd6 33. Qh4 Bd8 34. Qg3 1-0

[Event "2026 European Womens Championship"]
[Site "Batumi, GE"]
[Date "2026.05.26"]
[Round "2"]
[White "Mkrtchyan, Anahit H."]
[Black "Kedelidze, Aneta"]
[Result "1-0"]
[Board "75"]
[TimeControl "5400+30"]
[WhiteFideId "13314858"]
[BlackFideId "13626191"]
[WhiteElo "2107"]
[BlackElo "1676"]
[WhiteClock "0:27:58"]
[BlackClock "0:21:53"]
[Variant "Standard"]

1. e4 c5 2. Nf3 d6 3. d4 cxd4 4. Nxd4 Nf6 5. Nc3 a6 6. Bg5 e6 7. f4 Be7 8. Bc4 h6 9. Bxf6 Bxf6 10. Qd2 Qc7 11. Bb3 Nd7 12. O-O-O Nc5 13. g4 b5 14. h4 b4 15. Nce2 Be7 16. g5 Bd7 17. f5 e5 18. Bd5 Rb8 19. Nb3 Nxb3+ 20. Bxb3 a5 21. Qd5 Rf8 22. f6 gxf6 23. gxf6 Bxf6 24. Rhf1 Ke7 25. Ng3 a4 26. Bxa4 Bxa4 27. Nf5+ Ke8 28. Nxd6+ Ke7 29. Nf5+ Ke8 30. b3 Bd7 31. Nd6+ Ke7 32. Qd2 Bh3 33. Qxh6 Bxf1 34. Nf5+ Ke6 35. Ng7+ Ke7 36. Nf5+ Ke6 37. Rxf1 Qd8 38. Ng7+ Kd7 39. Rd1+ Ke7 40. Nf5+ Ke6 41. Rxd8 Rfxd8 42. Qe3 Rb5 43. Qa7 Rdb8 44. Qa6+ R5b6 45. Qc4+ Kd7 46. Qxf7+ Kc8 47. h5 Bg5+ 48. Kb2 Bd2 49. Qe8+ Kc7 50. Qxe5+ Kc8 51. Qc5+ Kb7 52. Qd5+ Ka7 53. Qxd2 1-0

[Event "2026 European Womens Championship"]
[Site "Batumi, GE"]
[Date "2026.05.26"]
[Round "2"]
[White "Shuqja, Klean"]
[Black "Ediberidze, Alexandra"]
[Result "1-0"]
[Board "76"]
[TimeControl "5400+30"]
[WhiteFideId "4701585"]
[BlackFideId "13636685"]
[WhiteElo "2092"]
[BlackElo "1638"]
[WhiteTitle "WFM"]
[WhiteClock "1:00:13"]
[BlackClock "0:12:37"]
[Variant "Standard"]

1. e4 c6 2. d4 d5 3. Nd2 dxe4 4. Nxe4 Nf6 5. Nxf6+ exf6 6. c3 Bd6 7. Bd3 O-O 8. Qc2 h6 9. Ne2 Nd7 10. Be3 Nb6 11. c4 Bc7 12. O-O-O Nd7 13. Kb1 b5 14. d5 cxd5 15. cxb5 Ne5 16. Be4 Be6 17. Nc3 Bd6 18. Bxd5 Bxd5 19. Rxd5 Qe7 20. Rhd1 Rfd8 21. Qe4 Qc7 22. b6 axb6 23. Rxd6 Rxd6 24. Qxa8+ Kh7 25. Rxd6 Qxd6 26. Qe4+ g6 27. Bf4 Qd7 28. Bxe5 fxe5 29. Nd5 1-0

[Event "2026 European Womens Championship"]
[Site "Batumi, GE"]
[Date "2026.05.26"]
[Round "2"]
[White "Tashkinova, Sofiia"]
[Black "Xing, Lida"]
[Result "1-0"]
[Board "77"]
[TimeControl "5400+30"]
[WhiteFideId "14188309"]
[BlackFideId "13326171"]
[WhiteElo "2085"]
[BlackElo "1598"]
[WhiteTitle "WFM"]
[WhiteClock "0:17:46"]
[BlackClock "0:15:48"]
[Variant "Standard"]

1. e4 e5 2. Nf3 Nc6 3. Bb5 a6 4. Ba4 Nf6 5. Nc3 Be7 6. d3 b5 7. Bb3 d6 8. a4 b4 9. Nd5 Na5 10. Nxb4 Nxb3 11. cxb3 c5 12. Nc6 Qc7 13. Nxe7 Qxe7 14. Nd2 O-O 15. Nc4 Bg4 16. f3 Be6 17. Bg5 Rab8 18. Qc2 Qb7 19. Bxf6 gxf6 20. Ra3 Qb4+ 21. Kf2 Rfd8 22. Rc1 d5 23. exd5 Rxd5 24. Ne3 Rdd8 25. Ke2 Bxb3 26. Qxc5 Qb7 27. Qc6 Qb4 28. Qxf6 Rxd3 29. Qg5+ Kf8 30. Qh6+ Kg8 31. Nf5 Bd1+ 32. Kf1 1-0

[Event "2026 European Womens Championship"]
[Site "Batumi, GE"]
[Date "2026.05.26"]
[Round "2"]
[White "Manukyan, Tamara"]
[Black "Vakhania, Aleksandra"]
[Result "1/2-1/2"]
[Board "78"]
[TimeControl "5400+30"]
[WhiteFideId "13321307"]
[BlackFideId "13602560"]
[WhiteElo "1707"]
[BlackElo "2079"]
[BlackTitle "WIM"]
[WhiteClock "0:14:40"]
[BlackClock "0:05:41"]
[Variant "Standard"]

1. e4 e6 2. d3 d5 3. Nd2 Nf6 4. g3 c5 5. Bg2 Nc6 6. Ngf3 Be7 7. O-O O-O 8. Re1 Qc7 9. Nf1 dxe4 10. dxe4 Rd8 11. Qe2 Nd4 12. Nxd4 cxd4 13. e5 Nd5 14. a3 Bd7 15. Qg4 Qxc2 16. Qxd4 Bc5 17. Qd2 Qb3 18. Be4 Bc6 19. Bc2 Qf3 20. Be4 Qb3 21. Bc2 Qb6 22. Qe2 Bb5 23. Qf3 Rac8 24. Be4 f5 25. exf6 Nxf6 26. Bxb7 Bxf2+ 27. Qxf2 Qxb7 28. Bf4 Ng4 29. Qg2 Qb6+ 30. Be3 Nxe3 31. Nxe3 Rd3 32. Qe4 Rcd8 33. a4 R3d4 34. Qc2 Bd3 35. a5 Qb7 36. Qg2 Be4 37. Qh3 Qxb2 38. Qxe6+ Kh8 39. Ra2 Qc3 40. Rae2 h6 41. Nf5 Bxf5 42. Qxf5 Rd1 43. Rxd1 Rxd1+ 44. Kg2 Rd8 45. Qe5 Qc6+ 46. Qe4 Qxe4+ 47. Rxe4 Rd5 48. Ra4 Kg8 49. Kf3 Kf7 50. Ke4 Ke6 51. Ra2 a6 52. g4 Rb5 53. Kd4 Kd6 54. Kc4 Ke5 55. h3 Kf4 56. Ra3 Ke4 57. Kc3 Kd5 58. Kd3 Rc5 59. Ra1 Rb5 60. Ra3 Rb1 61. Ke3 Rh1 62. Kf4 Rf1+ 63. Ke3 Kc4 64. Ke4 Kb4 65. Ra2 Rh1 66. Kf5 Rxh3 67. Kg6 Rg3 68. Kxg7 h5 69. Kh6 hxg4 70. Kg5 Rg1 71. Kf4 Kb3 72. Re2 Kb4 73. Ra2 g3 74. Kf3 Kb3 75. Re2 Kb4 76. Ra2 Kb5 77. Ra3 Kc4 78. Ra4+ Kb5 79. Ra3 Kb4 80. Ra2 g2 81. Kf2 Rf1+ 82. Kxg2 Rf5 83. Rb2+ Kxa5 84. Kg3 Ka4 85. Kg4 Rd5 86. Kf4 Ka3 87. Rb1 a5 88. Ke4 Rh5 89. Kd3 a4 90. Kc3 Rc5 91. Kd4 Rc8 92. Kd3 Ka2 93. Rb4 a3 94. Kd2 Ka1 95. Rb5 Rh8 96. Kc2 Rh2+ 97. Kc1 Rb2 98. Ra5 Ka2 99. Ra8 Rb1+ 100. Kc2 Rb5 101. Kc3 Rb7 102. Ra6 Rc7+ 103. Kd2 Kb3 104. Rb6+ Ka4 105. Ra6+ Kb4 106. Rb6+ Ka5 107. Rb3 Ka4 108. Rb6 Rc5 109. Ra6+ Kb4 110. Rb6+ Ka5 111. Rb7 Ka6 112. Rb1 Ka5 113. Rb8 Ka4 114. Ra8+ Kb3 115. Rb8+ Ka2 116. Rb7 Ka1 117. Rb6 a2 118. Rb7 Rh5 119. Kc2 Rh2+ 120. Kc1 Rh1 121. Kc2 Rb1 122. Ra7 Rb2+ 123. Kc1 Rh2 124. Rb7 Rh6 125. Rc7 Rb6 126. Rc8 1/2-1/2

[Event "2026 European Womens Championship"]
[Site "Batumi, GE"]
[Date "2026.05.26"]
[Round "2"]
[White "Chanturia, Lika"]
[Black "Buyuk, Ecrin Efsa"]
[Result "0-1"]
[Board "79"]
[TimeControl "5400+30"]
[WhiteFideId "13618857"]
[BlackFideId "44505175"]
[WhiteElo "1649"]
[BlackElo "2076"]
[BlackTitle "WFM"]
[WhiteClock "0:01:10"]
[BlackClock "0:03:26"]
[Variant "Standard"]

1. e4 c6 2. Nc3 d5 3. Nf3 Bg4 4. h3 Bxf3 5. Qxf3 Nf6 6. d3 e6 7. g3 Nbd7 8. Bg2 d4 9. Nb1 Be7 10. Nd2 O-O 11. O-O Rc8 12. a4 b5 13. Qe2 e5 14. f4 a6 15. f5 c5 16. b3 Ne8 17. Bb2 Qb6 18. a5 Qb8 19. Ba3 Nd6 20. h4 Qc7 21. Bh3 Rb8 22. Qf2 f6 23. Bg4 Qxa5 24. Bxc5 Qc7 25. Bxd6 Qxd6 26. Nf3 Rfc8 27. Bh5 Rb6 28. g4 Rbc6 29. Ra2 Qc7 30. Rc1 Nc5 31. Rca1 Nb7 32. Ne1 Bb4 33. g5 Bxe1 34. Qxe1 Rxc2 35. Rxa6 Nc5 36. Ra7 Qd8 37. Bf7+ Kh8 38. g6 Nxd3 39. Qd1 Nb4 40. Qh5 h6 41. Be6 Rc1+ 42. Rxc1 Rxc1+ 43. Kh2 Rc2+ 44. Kg3 Rc7 45. Ra1 Nc2 46. Ra2 Nb4 47. Ra1 Rc3+ 48. Kh2 Rc2+ 49. Kg3 Nd3 50. Qd1 Rc3 51. Kh2 Nf4 52. Ra6 d3 53. Qa1 Rc2+ 54. Kg3 Nxe6 55. Ra8 Rc8 56. Rxc8 Qxc8 57. fxe6 Qxe6 58. Qc3 Qd7 59. Qd2 h5 60. Qb4 Qg4+ 61. Kf2 Qxg6 62. Qxb5 d2 63. Qd3 Qg4 64. Qxd2 Qxh4+ 65. Kf3 Qh3+ 66. Ke2 h4 67. Qd8+ Kh7 68. Qe8 Qg4+ 69. Kd3 h3 70. Qa8 h2 71. Qa1 Qf3+ 72. Kc4 h1=Q 0-1

[Event "2026 European Womens Championship"]
[Site "Batumi, GE"]
[Date "2026.05.26"]
[Round "2"]
[White "Asatiani, Natali"]
[Black "Akat, Elifnaz"]
[Result "0-1"]
[Board "80"]
[TimeControl "5400+30"]
[WhiteFideId "13636715"]
[BlackFideId "34560556"]
[WhiteElo "1603"]
[BlackElo "2061"]
[BlackTitle "WFM"]
[WhiteClock "0:28:21"]
[BlackClock "1:08:11"]
[Variant "Standard"]

1. e4 c5 2. c3 Qa5 3. Nf3 Nc6 4. d4 cxd4 5. Nxd4 Nf6 6. f3 g6 7. Be3 Bg7 8. Be2 O-O 9. g4 e6 10. Na3 d5 11. g5 Nh5 12. Nb3 Qc7 13. exd5 Rd8 14. Qc1 exd5 15. Nb5 Qe7 16. Qd2 Re8 17. Bc5 Qd8 18. O-O-O Be5 19. Kb1 Bf4 20. Qc2 b6 21. Bf2 Qxg5 22. h4 Qe7 23. Rhe1 Be6 24. N5d4 Ne5 25. Nxe6 fxe6 26. Nd4 a6 27. Bf1 b5 28. Bh3 Ng7 29. h5 Qf6 30. Be3 Bxe3 31. Rxe3 Nc4 32. Re2 e5 33. Nb3 Nxh5 34. Rh2 Ne3 35. Qd2 Nxd1 36. Qxd5+ Kh8 37. Qxd1 Rad8 38. Qh1 Nf4 39. Nc5 Qd6 40. Ne4 Qd3+ 41. Kc1 Ne2+ 42. Rxe2 Qxe2 43. Bg4 b4 44. cxb4 Re7 45. Qg1 Rc7+ 46. Nc3 Rd2 47. Kb1 Rxb2+ 48. Ka1 Rxc3 0-1